 Dungeon Crawl Stone Soup version 0.22.1-6-g1668fe2 (webtiles) character file.

473 sanboga the Chopper (level 7, -2/44 HPs)
             Began as a Gargoyle Berserker on Feb 7, 2019.
             Was an Elder of Trog.
             Slain by a mummy (13 damage)
             ... in an ossuary.
             The game lasted 00:04:30 (2666 turns).

sanboga the Chopper (Gargoyle Berserker)            Turns: 2666, Time: 00:04:30

Health: -2/44      AC: 10    Str: 23    XL:     7   Next: 10%
Magic:  7/7        EV: 11    Int:  7    God:    Trog [****..]
Gold:   119        SH:  0    Dex:  9    Spells: 6/6 levels left

rFire    . . .     SeeInvis .   a - +0 hand axe
rCold    . . .     Gourm    .   (no shield)
rNeg     + . .     Faith    .   d - +0 ring mail
rPois    ∞         Spirit   .   (no helmet)
rElec    +         Reflect  .   (no cloak)
rCorr    .         Harm     .   (no gloves)
MR       .....                  (no boots)
Stlth    ..........             (no amulet)
HPRegen  0.14/turn              (no ring)
MPRegen  0.10/turn              (no ring)

@: confused, marked, very slightly contaminated, invisible
A: negative energy resistance 1, electricity resistance, unbreathing,
petrification resistance, rot immunity, AC +4
a: Berserk, Trog's Hand, Brothers in Arms, Renounce Religion


You were in an ossuary.
You worshipped Trog.
Trog was greatly pleased with you.
You were not hungry.

You visited 1 branch of the dungeon, and saw 4 of its levels.
You also visited: Sewer and Ossuary.

You collected 119 gold pieces.

Inventory:

Hand Weapons
 a - a +0 hand axe (weapon)
Armour
 d - a +0 ring mail (worn)
Wands
 h - a wand of scattershot (6)
Scrolls
 e - 2 scrolls of teleportation
Comestibles
 c - 5 rations


   Skills:
 + Level 5.0 Fighting
 * Level 5.4 Axes
 + Level 4.4 Armour
 - Level 1.5 Dodging


You had 6 spell levels left.
You didn't know any spells.
Your spell library was empty.

Dungeon Overview and Level Annotations

Branches:
Dungeon (4/15)
 Temple: D:4-7

Altars:
Cheibriados
Okawaru
The Shining One


Innate Abilities, Weirdness & Mutations

You are resistant to torment.
Your stone body is resilient. (AC +4)
You are immune to poison.
You resist negative energy. (rN+)
You are resistant to electric shocks. (rElec)
You can survive without breathing.
You are immune to petrification.
You are immune to rotting.


Message History

You feel invigorated. The mummy closely misses you.
The human zombie closely misses you. The mummy misses you.
The rat zombie barely misses you.
You barely miss the mummy.
The mummy is almost destroyed.
You barely miss the mummy. You closely miss the human zombie.
You hit the rat zombie.
You destroy the rat zombie!
Trog accepts your kill. The human zombie hits you.
* * * LOW HITPOINT WARNING * * *
The mummy closely misses you.
You barely miss the mummy.
The mummy is almost destroyed.
You barely miss the mummy. You hit the human zombie. The mummy misses you.
You bump into the stone wall.
The human zombie closely misses you. The mummy hits you!
* * * LOW HITPOINT WARNING * * *
The mummy hits you!
You die...

#...##############...#
#...# #...# #...#
#...# #...# #...#
#...####+.... #...#
#...#.....∩.# #...#
#...#.......# #...#
#...#.......# #...#
#...#......M####Z#...#
#...#......Z@MZZZ#...#
#...#.####..####Z#...#
#.(.# #..# #...# #...#
#..# #...#
#...######^.######...#
#....................#
#........8..8........#
#....................#
#....................#


You could see 2 mummies, a rat zombie, a goblin zombie, a hobgoblin zombie, an
orc zombie, a centaur zombie and a human zombie.

Vanquished Creatures
  2 bullfrogs (Sewer)
  Natasha (thrice) (D:2)
  A river rat (D:3)
  8 adders
  8 oozes (Sewer)
  2 worms (D:3)
  4 dart slugs
  11 leopard geckos
  An orc (D:3)
  17 giant cockroaches
  3 goblins (D:1)
  2 hobgoblins
  7 jackals
  6 kobolds
  9 ball pythons (Sewer)
  8 bats
  15 frilled lizards
  9 hobgoblin zombies (Ossuary)
  4 kobold zombies (Ossuary)
  8 orc zombies (Ossuary)
  13 rats
  A rat zombie (Ossuary)
142 creatures vanquished.

Notes
Turn   | Place    | Note
-------+----------+-------------------------------------------
     0 | D:1      | sanboga the Gargoyle Berserker began the quest for the Orb.
     0 | D:1      | Reached XP level 1. HP: 14/14 MP: 1/1
    82 | D:1      | Reached XP level 2. HP: 19/19 MP: 2/2
   293 | D:1      | Found a snail-covered altar of Cheibriados.
   614 | D:2      | Reached XP level 3. HP: 22/23 MP: 3/3
   622 | D:2      | Reached ** piety under Trog
   768 | D:2      | Found an iron altar of Okawaru.
   772 | D:2      | Reached XP level 4. HP: 29/29 MP: 4/4
   836 | D:2      | Noticed Natasha
   842 | D:2      | Killed Natasha
   846 | D:2      | Noticed Natasha
   859 | D:2      | Killed Natasha
   873 | D:2      | Reached XP level 5. HP: 25/33 MP: 5/5
   874 | D:2      | Noticed Natasha
   887 | D:2      | Killed Natasha
  1138 | D:3      | Found a glowing golden altar of the Shining One.
  1302 | D:3      | Found a glowing drain.
  1333 | Sewer    | Entered a sewer
  1545 | Sewer    | Reached *** piety under Trog
  1580 | Sewer    | Reached XP level 6. HP: 30/39 MP: 6/6
  1786 | Sewer    | Reached **** piety under Trog
  1862 | Sewer    | Reached skill level 5 in Axes
  1872 | Sewer    | Reached skill level 5 in Fighting
  1872 | Sewer    | Reached XP level 7. HP: 39/44 MP: 7/7
  2521 | D:4      | Found a sand-covered staircase.
  2527 | Ossuary  | Entered an ossuary
  2609 | Ossuary  | Received a gift from Trog
  2666 | Ossuary  | Slain by a mummy

Skill      XL: |  1  2  3  4  5  6 |
---------------+-------------------+-----
Axes           | 3 4 5 |  5.4
Armour         | 3 4 |  4.4
Fighting       | 4 5 |  5.0
Dodging        | |  1.5

Action                   |  1- 3 |  4- 6 |  7- 9 || total
-------------------------+-------+-------+-------++-------
Melee: Hand axe          |    93 |   355 |    89 ||   537
Invok: Berserk           |       |     1 |       ||     1
  Use: Scroll            |     5 |       |     6 ||    11
       Potion            |     2 |       |     2 ||     4
  Eat: Chunk             |       |     1 |     3 ||     4
       Ration            |       |     1 |       ||     1
Armor: Animal skin       |    19 |       |       ||    19
       Ring mail         |    35 |   217 |    46 ||   298
Dodge: Dodged            |    75 |   269 |    56 ||   400
